[Event "Titled Tuesday Blitz January 03 Early 2023"]
[White "Dragnev, Valentin"]
[Black "Renjith, Sravan"]
[WhiteFideId "1634852"]
[BlackFideId "4306783"]
[WhiteElo "2593"]
[BlackElo "2172"]
[Result "0-1"]
[Round "07"]
[TimeControl "180+2"]
[Date "2023.01.03"]
[WhiteClock "0:00:05"]
[BlackClock "0:00:15"]

1. e4 e5 2. Nf3 Nc6 3. Bb5 Nf6 4. O-O Nxe4 5. Re1 Nd6 6. Nxe5 Nxe5 7. Rxe5+ Be7 8. Bf1 O-O 9. d4 Bf6 10. Re1 Re8 11. c3 Nf5 12. Rxe8+ Qxe8 13. Bf4 c6 14. d5 Qe4 15. Qd2 Qxd5 16. Qxd5 cxd5 17. Na3 g5 18. Bd2 d4 19. c4 d6 20. Bd3 a6 21. Nc2 Be6 22. Nb4 Rc8 23. b3 Ne7 24. Rd1 d5 25. cxd5 Nxd5 26. Nxd5 Bxd5 27. f3 h6 28. Kf2 Kf8 29. h4 Be6 30. hxg5 hxg5 31. Rh1 Ke7 32. Rh5 Rg8 33. Rh6 Be5 34. g3 g4 35. f4 Bg7 36. Rh5 Rh8 37. Rxh8 Bxh8 38. Be4 b6 39. Bb4+ Kd8 40. Ke2 Kc7 41. Kd3 Bd7 42. Bd5 Bf5+ 43. Kd2 Be6 44. Be4 Bf6 45. Ba3 Bd7 46. Bd5 Be6 47. Be4 Bg7 48. Kd3 f5 49. Bg2 Bd7 50. Bd5 Bb5+ 51. Kd2 Bc6 52. Bc4 b5 53. Be6 Be4 54. Bb4 Bf6 55. Ba3 Kc6 56. Bb4 Bd8 57. Ba3 Bb6 58. Bb4 a5 59. Be7 Bc5 60. Bf6 Bb4+ 61. Ke2 d3+ 62. Ke3 d2 0-1


[Site "https://www.chess.com"]

[Event "Titled Tuesday Blitz January 03 Early 2023"]
[White "Bashirli, Nail"]
[Black "Arias, Juan Cruz"]
[WhiteFideId "13406809"]
[BlackFideId "118540"]
[WhiteElo "2326"]
[BlackElo "2320"]
[Result "1-0"]
[Round "07"]
[TimeControl "180+2"]
[Date "2023.01.03"]
[WhiteClock "0:00:06"]
[BlackClock "0:00:03"]

1. e4 c6 2. Nc3 d5 3. Nf3 dxe4 4. Nxe4 Nf6 5. Qe2 Nxe4 6. Qxe4 Nd7 7. Bc4 Nf6 8. Ne5 e6 9. Qf4 Bd6 10. d4 Qc7 11. O-O b5 12. Bd3 Bb7 13. Qh4 a6 14. a3 c5 15. Ng4 Nxg4 16. Qxg4 Bxh2+ 17. Kh1 Bd6 18. dxc5 Qxc5 19. Be3 Qc7 20. a4 h5 21. Qxg7 O-O-O 22. Qc3 b4 23. Qxc7+ Kxc7 24. f3 h4 25. Be4 h3 26. g4 Be5 27. c3 bxc3 28. bxc3 Bxe4 29. fxe4 f6 30. g5 fxg5 31. Bxg5 Rdg8 32. Be3 Rg3 33. Bg1 Rxc3 34. Rab1 h2 35. Bb6+ Kc6 36. Ba5 Rc4 37. Rb6+ Kc5 38. Rxe6 Bb8 39. Rb1 Rxa4 40. Bb6+ Kc4 41. Rc6+ Kd3 42. Bf2 Ke2 43. Bc5 Rxe4 44. Rf6 Kd2 45. Rf2+ Re2 46. Rb2+ Kc3 47. Rbxe2 Rd8 48. Rf1 a5 49. Bb6 Rd5 50. Ref2 a4 51. Rf3+ Kb4 52. Rb1+ Kc4 53. Bf2 Bd6 54. Rc1+ Kb5 55. Bg3 Bc5 56. Rb1+ Kc4 57. Rf4+ Bd4 58. Bf2 a3 59. Ra1 Kb3 60. Rxd4 Kb2 61. Rxd5 Kxa1 62. Bc5 Kb2 63. Bxa3+ 1-0


[Site "https://www.chess.com"]

[Event "Titled Tuesday Blitz January 03 Early 2023"]
[White "Ordekalog"]
[Black "Yaran, Siar"]
[BlackFideId "6323006"]
[WhiteElo "2701"]
[BlackElo "2288"]
[Result "1/2-1/2"]
[Round "07"]
[TimeControl "180+2"]
[Date "2023.01.03"]
[WhiteClock "0:00:06"]
[BlackClock "0:00:07"]

1. e4 e6 2. d4 d5 3. Nc3 dxe4 4. Nxe4 Nd7 5. Bd3 Ngf6 6. Ng3 c5 7. Nf3 Be7 8. O-O O-O 9. c3 b6 10. Qe2 Qc7 11. Bg5 Bb7 12. Rfe1 Rfe8 13. Rad1 Rad8 14. Bb5 Bc6 15. a4 h6 16. Bc1 Qb7 17. Bxc6 Qxc6 18. Qb5 Rc8 19. h3 Bf8 20. Qxc6 Rxc6 21. d5 exd5 22. Rxe8 Nxe8 23. Rxd5 Rd6 24. Rxd6 Bxd6 25. Nf5 Bf8 26. Bf4 f6 27. Kf1 h5 28. Ke2 Kf7 29. Kd3 g6 30. Ne3 Ke6 31. Kc4 Bd6 32. Nd5 g5 33. Bxg5 fxg5 34. Nxg5+ Kf5 35. h4 Nc7 36. Nxc7 Bxc7 37. Kd5 Bd8 38. Nf3 Nf6+ 39. Kc6 Ne4 40. Kb7 Nxf2 41. Kxa7 Nd1 42. b4 Nxc3 43. bxc5 bxc5 44. Ka6 Nxa4 45. Kb5 Nc3+ 46. Kxc5 Bf6 47. Kc4 Ne2 48. Kd3 Nf4+ 49. Ke3 Nxg2+ 50. Kf2 Nf4 51. Kg3 Ng6 52. Kh3 Kf4 53. Kg2 Bxh4 54. Ng1 Bf6 55. Nh3+ Kg4 56. Nf2+ Kh4 57. Ne4 Be5 58. Nd2 Kg4 59. Ne4 Nf4+ 60. Kh1 Bd4 61. Nd2 h4 62. Nf1 h3 63. Nh2+ Kg3 64. Nf1+ Kh4 65. Nh2 Ba7 66. Nf3+ Kg3 67. Ng5 Ne2 68. Nxh3 Nd4 69. Ng5 Bb8 70. Nf7 Kf4 71. Kg2 Kf5 72. Nd8 Kf6 73. Nb7 Ba7 74. Na5 Ke5 75. Nc4+ Ke4 76. Nd2+ Ke3 77. Nf1+ Kf4 78. Ng3 Ne6 79. Nh5+ Kg4 80. Ng3 Nf4+ 81. Kh2 Bb8 82. Ne4 Ne2+ 83. Kg2 Nf4+ 84. Kf2 Ba7+ 85. Kf1 Kf3 86. Nd2+ Kg3 87. Ne4+ Kg4 88. Nd2 Be3 89. Nc4 Bc1 90. Ne5+ Kf5 91. Nc4 Ke4 92. Nd6+ Ke5 93. Nc4+ Kd5 94. Nb6+ Kd4 95. Nd7 Nd5 96. Nf8 Bg5 97. Ne6+ Ke5 98. Nxg5 1/2-1/2


[Site "https://www.chess.com"]

[Event "Titled Tuesday Blitz January 03 Early 2023"]
[White "Mihajlov, Sebastian"]
[Black "Arabidze, Meri"]
[WhiteFideId "1512110"]
[BlackFideId "13604040"]
[WhiteElo "2373"]
[BlackElo "2441"]
[Result "1-0"]
[Round "07"]
[TimeControl "180+2"]
[Date "2023.01.03"]
[WhiteClock "0:00:05"]
[BlackClock "0:00:01"]

1. e4 c5 2. Nf3 e6 3. d4 cxd4 4. Nxd4 Nc6 5. Nc3 a6 6. Be3 Nf6 7. Qf3 Bb4 8. Nxc6 dxc6 9. a3 Bxc3+ 10. bxc3 e5 11. Bd3 O-O 12. O-O b6 13. Qg3 Ng4 14. Bd2 Qe7 15. c4 Kh8 16. Rab1 b5 17. Bb4 c5 18. Bc3 f6 19. Kh1 Be6 20. cxb5 axb5 21. Rxb5 Rxa3 22. Bb2 Ra2 23. h3 Nh6 24. f4 exf4 25. Qxf4 c4 26. Be2 Nf7 27. Rb6 h6 28. Ra1 Rxa1+ 29. Bxa1 Ra8 30. Bc3 Ng5 31. Rc6 Qd7 32. Rd6 Qc7 33. e5 f5 34. h4 Ne4 35. Rxe6 Nxc3 36. Bf3 Ra1+ 37. Kh2 Qf7 38. Qxc4 Ne4 39. Qc8+ Kh7 40. Re8 Kg6 41. h5+ Kg5 42. Qd8+ Kf4 43. Qh4+ Ke3 44. Rd8 Nc5 45. Qg3 f4 46. Qh3 Qc4 47. Bg4+ f3 48. Qxf3# 1-0


[Site "https://www.chess.com"]

[Event "Titled Tuesday Blitz January 03 Early 2023"]
[White "Janaszak, Dawid"]
[Black "Williams, Simon K"]
[WhiteFideId "1119206"]
[BlackFideId "404454"]
[WhiteElo "2316"]
[BlackElo "2465"]
[Result "1-0"]
[Round "07"]
[TimeControl "180+2"]
[Date "2023.01.03"]
[WhiteClock "0:00:29"]
[BlackClock "0:00:24"]

1. e4 c5 2. Nc3 Nc6 3. f4 g6 4. Nf3 Bg7 5. Bc4 e6 6. O-O Nge7 7. f5 d5 8. Bb5 dxe4 9. f6 Bxf6 10. Nxe4 Bg7 11. d3 O-O 12. Qe1 Nd4 13. Nxd4 cxd4 14. Bg5 f5 15. Qh4 fxe4 16. Bxe7 Rxf1+ 17. Rxf1 Qc7 18. Be8 Qe5 19. Qf2 Qf5 20. Qe1 Qh5 21. dxe4 b6 22. Qf2 Ba6 23. Qf7+ Kh8 24. Bf6 1-0


[Site "https://www.chess.com"]

[Event "Titled Tuesday Blitz January 03 Early 2023"]
[White "Klukin, Kirill"]
[Black "Padmini, Rout"]
[WhiteFideId "24199273"]
[BlackFideId "5029295"]
[WhiteElo "2390"]
[BlackElo "2375"]
[Result "1-0"]
[Round "07"]
[TimeControl "180+2"]
[Date "2023.01.03"]
[WhiteClock "0:00:19"]
[BlackClock "0:00:15"]

1. c4 e5 2. g3 Nf6 3. Bg2 d5 4. cxd5 Nxd5 5. Nc3 Nb6 6. Nf3 Bd6 7. O-O O-O 8. d4 Nc6 9. Nb5 a6 10. dxe5 Nxe5 11. Nxd6 cxd6 12. Be3 Nbc4 13. Bd4 Nxf3+ 14. exf3 d5 15. f4 Be6 16. b3 Nd6 17. Bc5 Rc8 18. Rc1 b6 19. Ba3 Rxc1 20. Qxc1 Qd7 21. Rd1 Rc8 22. Qd2 Nb5 23. Bb2 d4 24. Bf1 Nc3 25. Qxd4 Qxd4 26. Rxd4 Nxa2 27. Bxa6 Re8 28. Bb5 Ra8 29. Ra4 Rxa4 30. bxa4 Nb4 31. Bd4 Nd5 32. Bc6 f5 33. f3 Kf7 34. Kf2 g6 35. h4 h5 36. Ke2 Ne7 37. Bb5 Nc8 38. Ke3 Bd5 39. Be5 Bb7 40. Bc4+ Ke7 41. Bc3 Bc6 42. Bb4+ Kf6 43. Bb3 Ne7 44. Bc3# 1-0


[Site "https://www.chess.com"]

[Event "Titled Tuesday Blitz January 03 Early 2023"]
[White "Skvortsov, Andrei"]
[Black "Aggelis, Nikolaos"]
[WhiteFideId "24108600"]
[BlackFideId "4213220"]
[WhiteElo "2313"]
[BlackElo "2270"]
[Result "1/2-1/2"]
[Round "07"]
[TimeControl "180+2"]
[Date "2023.01.03"]
[WhiteClock "0:00:10"]
[BlackClock "0:00:06"]

1. d4 Nf6 2. Nf3 g6 3. Nbd2 d5 4. c4 Bg7 5. e3 O-O 6. b4 b6 7. c5 a5 8. cxb6 axb4 9. Qb3 c5 10. dxc5 Ne4 11. Nd4 Nxc5 12. Qxb4 Nbd7 13. Nc6 Qxb6 14. Nxe7+ Kh8 15. Qxb6 Nxb6 16. Rb1 Nba4 17. Nxd5 Be6 18. Nc7 Bxa2 19. Nxa8 Bxb1 20. Nxb1 Rxa8 21. Bc4 Nc3 22. Nxc3 Bxc3+ 23. Ke2 Kg7 24. Rd1 Ra1 25. Bd2 Bf6 26. Rxa1 Bxa1 27. g4 g5 28. Bb4 Ne6 29. Be7 h6 30. h3 Be5 31. Kd3 Bh2 32. Ke4 Nf8 33. Bc5 Ng6 34. Bd4+ f6 35. Kf3 Be5 36. Bc5 Nh4+ 37. Ke2 Ng6 38. Bb5 Bh2 39. Bc6 Ne5 40. Bh1 Ng6 41. Bg2 Nh4 42. Be4 Be5 43. Bd4 Bh2 44. Kd3 Bg1 45. Ke2 Bh2 46. Bh1 Ng6 47. Kf1 Bd6 48. Bb6 Be5 49. Be4 Nh4 50. Ke2 Bh2 51. Bb7 Kf7 52. Bd5+ Kg7 53. Bd4 Ng6 54. f3 Bd6 55. Be4 Nh4 56. Kd3 Bg3 57. Kc4 Bf2 58. Kd5 Ng2 59. Ke6 Bxe3 60. Bxf6+ Kg8 61. Kf5 Nf4 62. Be5 Nxh3 63. Kg6 Kf8 64. Bg7+ Ke7 65. Bxh6 Ke6 66. Bf5+ Ke5 67. Be4 Kf4 68. Kf6 Kg3 69. Kf5 Bf4 70. Bg7 Ng1 71. Bf6 Nh3 72. Bd4 Bc1 73. Be5+ Kh4 74. Bh2 Bf4 75. Bg1 Nxg1 76. Bd5 Kg3 77. Ke4 Nxf3 78. Be6 Nh2 79. Kd3 Nxg4 80. Ke2 Nh2 81. Kd3 g4 82. Bxg4 Kxg4 83. Ke4 Nf3 84. Kd5 Ng5 85. Kc5 Kf5 86. Kd5 Be5 87. Kc5 Ke4 88. Kc6 Nf3 89. Kb6 Kd5 90. Kb5 Nd4+ 91. Kb6 Bd6 92. Kb7 Ne6 93. Kb6 Nc5 94. Ka7 Be5 95. Kb6 Bd4 96. Kc7 Ne6+ 97. Kb7 Bc5 98. Kb8 Kd6 99. Kb7 Nc7 100. Kc8 Kc6 101. Kb8 Bd4 102. Kc8 Ba7 103. Kd8 Nd5 104. Kc8 Nf6 105. Kd8 Kd6 106. Kc8 Nd7 107. Kb7 Bd4 108. Ka8 Nf6 109. Kb7 Nd5 110. Kb8 Nc7 111. Kb7 Kd7 112. Kb8 Kc6 113. Kc8 Ba7 114. Kd8 Nd5 115. Kc8 Nf6 116. Kd8 Bb6+ 117. Kc8 Nd7 1/2-1/2


[Site "https://www.chess.com"]

[Event "Titled Tuesday Blitz January 03 Early 2023"]
[White "Mendez Fortes, Eduardo Jesus"]
[Black "Salimova, Nurgyul"]
[WhiteFideId "3502376"]
[BlackFideId "2915138"]
[WhiteElo "2250"]
[BlackElo "2391"]
[Result "0-1"]
[Round "07"]
[TimeControl "180+2"]
[Date "2023.01.03"]
[WhiteClock "0:01:28"]
[BlackClock "0:01:19"]

1. e4 Nf6 2. e5 Nd5 3. d4 d6 4. Nf3 Bg4 5. Be2 e6 6. c4 Nb6 7. h3 Bh5 8. exd6 cxd6 9. Nc3 Be7 10. g4 Bg6 11. h4 h5 12. g5 Nc6 13. Be3 d5 14. cxd5 Nxd5 15. Qb3 O-O 16. Nxd5 exd5 17. a3 Na5 18. Qa4 Rc8 19. b4 Nc4 20. Qxa7 Qc7 21. Qa4 Nxe3 22. fxe3 Qg3+ 23. Kd2 Rc2+ 24. Kd1 Rxe2 25. Kxe2 Qg2+ 26. Ke1 Qxh1+ 0-1


[Site "https://www.chess.com"]

[Event "Titled Tuesday Blitz January 03 Early 2023"]
[White "Agasarov, Benik"]
[Black "Gurevich, Dmitry"]
[WhiteFideId "13314823"]
[BlackFideId "2000407"]
[WhiteElo "2235"]
[BlackElo "2393"]
[Result "1-0"]
[Round "07"]
[TimeControl "180+2"]
[Date "2023.01.03"]
[WhiteClock "0:01:17"]
[BlackClock "0:00:03"]

1. Nf3 Nf6 2. c4 c5 3. Nc3 b6 4. g3 Bb7 5. Bg2 g6 6. O-O Bg7 7. d4 cxd4 8. Nxd4 Bxg2 9. Kxg2 Qc8 10. Qd3 Qb7+ 11. f3 d6 12. e4 Nbd7 13. b3 Rc8 14. Be3 a6 15. Rac1 O-O 16. Rfd1 Rfe8 17. Nd5 e6 18. Nxf6+ Bxf6 19. Ne2 Be7 20. Bd4 b5 21. cxb5 axb5 22. Qd2 b4 23. h4 Rxc1 24. Rxc1 Rc8 25. h5 Rxc1 26. Nxc1 Qb5 27. hxg6 hxg6 28. Nd3 e5 29. Bb2 d5 30. Nf2 d4 31. f4 Bf6 32. Ng4 Bg7 33. fxe5 Nxe5 34. Qxd4 Qe2+ 35. Nf2 Qf3+ 36. Kg1 Qxg3+ 37. Kf1 Qf3 38. Qd8+ Kh7 39. Qh4+ Kg8 40. Qh3 Qxh3+ 41. Nxh3 Nd3 42. Bxg7 Kxg7 43. Ng1 Nc1 44. Nf3 Nxa2 45. Nd4 Nc1 46. Ke1 Kf6 47. Kd2 1-0


[Site "https://www.chess.com"]

[Event "Titled Tuesday Blitz January 03 Early 2023"]
[White "Iljin, Timofey"]
[Black "Leiva, Gianmarco"]
[WhiteFideId "14110180"]
[BlackFideId "3804399"]
[WhiteElo "2329"]
[BlackElo "2392"]
[Result "0-1"]
[Round "07"]
[TimeControl "180+2"]
[Date "2023.01.03"]
[WhiteClock "0:00:01"]
[BlackClock "0:00:29"]

1. e4 c5 2. c3 Nf6 3. e5 Nd5 4. d4 cxd4 5. cxd4 d6 6. Nf3 Nc6 7. Bc4 dxe5 8. dxe5 Ndb4 9. Qb3 e6 10. O-O Bd7 11. Bg5 Be7 12. Bxe7 Qxe7 13. a3 Na5 14. Qxb4 Qxb4 15. axb4 Nxc4 16. b3 Nb6 17. Nc3 Ke7 18. Ne4 Nd5 19. Nd6 Nxb4 20. Nxb7 Bc6 21. Nd6 Bxf3 22. gxf3 Nd3 23. Ra5 Nxe5 24. Ne4 Nxf3+ 25. Kg2 Nd4 26. Rfa1 Nc6 27. Ra6 Rhc8 28. Rc1 Kd7 29. Nc5+ Ke7 30. Ne4 f5 31. Ng5 Nd4 32. Rd1 Rc6 33. Ra3 h6 34. Nh3 Nb5 35. Ra4 Nc7 36. Nf4 g5 37. Ne2 Rb6 38. b4 Nd5 39. b5 Rxb5 40. Nd4 Rc5 41. Rda1 Kf6 42. Ra6 Nf4+ 43. Kh1 Rd8 44. Nc6 Rc8 45. Nxa7 Rc1+ 46. Rxc1 Rxc1# 0-1


[Site "https://www.chess.com"]

[Event "Titled Tuesday Blitz January 03 Early 2023"]
[White "Kanakaris, Georgios"]
[Black "Patrascu, Catalin-Lucian"]
[WhiteFideId "4209460"]
[BlackFideId "1229052"]
[WhiteElo "2391"]
[BlackElo "2279"]
[Result "1-0"]
[Round "07"]
[TimeControl "180+2"]
[Date "2023.01.03"]
[WhiteClock "0:00:01"]
[BlackClock "0:00:02"]

1. Nf3 d5 2. d4 Nf6 3. c4 e6 4. e3 a6 5. b3 c5 6. Nbd2 Nbd7 7. Bd3 Be7 8. O-O O-O 9. Bb2 cxd4 10. exd4 b6 11. Qe2 Bb7 12. Rac1 Re8 13. Bb1 Qb8 14. Ne5 dxc4 15. bxc4 Nxe5 16. dxe5 Nd7 17. Rc3 Qxe5 18. Bxh7+ Kf8 19. Be4 Nf6 20. Rb3 Qc7 21. Rh3 Bd6 22. Qf3 Nxe4 23. Nxe4 Be5 24. Ba3+ Kg8 25. Nf6+ Bxf6 26. Qh5 Bh4 27. Qxh4 f6 28. Qh7+ Kf7 29. Rg3 Rg8 30. Qh5+ g6 31. Qh6 Rg7 32. Re1 Rd8 33. Qe3 Rh7 34. h3 Qc6 35. Qe2 Rh4 36. f3 Rxc4 37. Rg4 Rc2 38. Qe3 Rdd2 39. Rf1 g5 40. Qe4 Qxe4 41. fxe4 Bxe4 42. Rxg5 1-0


[Site "https://www.chess.com"]

[Event "Titled Tuesday Blitz January 03 Early 2023"]
[White "Shuvalova, Polina"]
[Black "Bilan, Danila"]
[WhiteFideId "24171760"]
[BlackFideId "24161918"]
[WhiteElo "2484"]
[BlackElo "2303"]
[Result "0-1"]
[Round "07"]
[TimeControl "180+2"]
[Date "2023.01.03"]
[WhiteClock "0:00:04"]
[BlackClock "0:00:05"]

1. d4 d5 2. Nf3 Nf6 3. Bf4 c5 4. e3 Nc6 5. Nbd2 cxd4 6. exd4 Bg4 7. c3 e6 8. Qb3 Qc8 9. Bd3 Be7 10. O-O O-O 11. Rfe1 Bh5 12. Ne5 Nxe5 13. dxe5 Nd7 14. Qc2 Bg6 15. Bxg6 hxg6 16. Nf3 Qc4 17. Qd2 Rac8 18. a3 Nc5 19. Rad1 Nb3 20. Qc2 a5 21. Bg5 Bc5 22. Nd2 Nxd2 23. Qxd2 b5 24. Be3 Qb3 25. Bxc5 Rxc5 26. Qe3 Rfc8 27. Rd2 Rc4 28. g3 Re4 29. Qxe4 dxe4 30. Rxe4 Rc4 31. Re3 Qa2 32. Kg2 Qb1 33. Rd8+ Kh7 34. Rd7 Qf5 35. Rf3 Qxe5 36. Rfxf7 b4 37. axb4 axb4 38. f4 Qe2+ 39. Kh3 Qh5+ 40. Kg2 Qh6 41. cxb4 Rxb4 42. Rd2 g5 43. fxg5 Qxg5 44. Rdf2 Qd5+ 45. Kh3 Qd4 46. R2f4 Qxb2 47. Re7 Rxf4 48. gxf4 Qe2 49. Kg3 Qe4 50. Rf7 Kg6 51. Re7 Qd3+ 52. Kg4 Qf5+ 53. Kg3 Kf6 54. Rc7 Qd3+ 55. Kg4 g6 56. Ra7 Qe4 57. Ra3 e5 58. Rf3 g5 59. Rh3 Qf5+ 60. Kg3 gxf4+ 61. Kg2 Qg4+ 62. Kh1 Qxh3 63. Kg1 f3 64. Kf2 Qg2+ 65. Ke3 f2 66. h4 f1=Q 67. h5 Qff3# 0-1


[Site "https://www.chess.com"]

[Event "Titled Tuesday Blitz January 03 Early 2023"]
[White "TheKnightOfBosnia"]
[Black "Wagner, Dennis"]
[BlackFideId "24650684"]
[WhiteElo "2481"]
[BlackElo "2595"]
[Result "0-1"]
[Round "07"]
[TimeControl "180+2"]
[Date "2023.01.03"]
[WhiteClock "0:00:58"]
[BlackClock "0:00:31"]

1. e4 e5 2. Nf3 Nc6 3. Bb5 a6 4. Ba4 Nf6 5. d3 Bc5 6. O-O d6 7. h3 O-O 8. a3 h6 9. Nc3 b5 10. Bb3 Rb8 11. Bd2 Bb6 12. Nd5 Nxd5 13. Bxd5 Ne7 14. Ba2 Ng6 15. c4 Qf6 16. a4 Nf4 17. Bxf4 Qxf4 18. cxb5 axb5 19. a5 Bxa5 20. Bxf7+ Rxf7 21. Rxa5 Bxh3 22. gxh3 Qxf3 23. Qxf3 Rxf3 24. Rc1 c5 25. Rc3 b4 26. Rb3 Rxh3 27. Ra6 Rd8 28. Kg2 Rh5 29. f4 exf4 30. d4 Rg5+ 31. Kf2 Rg3 32. Rxg3 fxg3+ 33. Kxg3 cxd4 34. Rb6 d5 35. e5 d3 36. Rxb4 d4 37. Rb3 Kf7 38. Rxd3 Ke6 39. Kf4 Kd5 40. e6 Rf8+ 41. Kg4 Re8 42. Kf5 Rxe6 43. b4 g6+ 44. Kf4 Re4+ 45. Kf3 Re3+ 46. Rxe3 dxe3 47. Kxe3 Kc4 0-1


[Site "https://www.chess.com"]

[Event "Titled Tuesday Blitz January 03 Early 2023"]
[White "Baskakov, Egor"]
[Black "Mohammed, Zozek Salah Mohammed"]
[WhiteFideId "24197866"]
[BlackFideId "4803361"]
[WhiteElo "2215"]
[BlackElo "2210"]
[Result "1-0"]
[Round "07"]
[TimeControl "180+2"]
[Date "2023.01.03"]
[WhiteClock "0:01:40"]
[BlackClock "0:01:08"]

1. e4 e6 2. Nc3 d5 3. g3 Nf6 4. Bg2 dxe4 5. Nxe4 c6 6. Ne2 Be7 7. d4 O-O 8. O-O Nbd7 9. c4 Nxe4 10. Bxe4 Nf6 11. Bg2 Qc7 12. Qc2 b6 13. Bf4 Bd6 14. Rfe1 Bb7 15. Rad1 Rac8 16. Qa4 Rfd8 17. b3 h6 18. h3 c5 19. Bxd6 Rxd6 20. Qxa7 Bxg2 21. Qxc7 Rxc7 22. Kxg2 Ra7 23. dxc5 Rxd1 24. Rxd1 bxc5 25. Nc3 Nd7 26. Nb5 Rb7 27. a4 Nb8 28. Rd8+ Kh7 29. Rd6 Kg6 30. a5 Kf6 31. a6 1-0


[Site "https://www.chess.com"]

[Event "Titled Tuesday Blitz January 03 Early 2023"]
[White "Harsha Bharathakoti"]
[Black "Cella, Glaucio Dalla Cortt"]
[WhiteFideId "5078776"]
[BlackFideId "2119455"]
[WhiteElo "2602"]
[BlackElo "1894"]
[Result "0-1"]
[Round "07"]
[TimeControl "180+2"]
[Date "2023.01.03"]
[WhiteClock "0:01:41"]
[BlackClock "0:00:41"]

1. b3 d5 2. Bb2 c5 3. e3 Nc6 4. Nf3 f6 5. Bb5 e5 6. O-O Qc7 7. c4 e4 8. Ne1 Be6 9. cxd5 Bxd5 10. Nc3 O-O-O 11. Qg4+ Qd7 12. Qxd7+ Rxd7 13. Nxd5 Rxd5 14. Bxc6 bxc6 15. Bc3 Bd6 16. Nc2 Ne7 17. Na3 Bc7 18. Nc4 Rh5 19. h3 Nd5 20. Rac1 Nxc3 21. Rxc3 g5 22. f3 exf3 23. Rxf3 Rg8 24. Rf4 gxf4 0-1


[Site "https://www.chess.com"]

[Event "Titled Tuesday Blitz January 03 Early 2023"]
[White "Girsh, Daniel"]
[Black "Kobalia, Mikhail"]
[WhiteFideId "30949190"]
[BlackFideId "4119150"]
[WhiteElo "2123"]
[BlackElo "2578"]
[Result "0-1"]
[Round "07"]
[TimeControl "180+2"]
[Date "2023.01.03"]
[WhiteClock "0:00:05"]
[BlackClock "0:00:09"]

1. e4 c5 2. Nf3 e6 3. d4 cxd4 4. Nxd4 Nc6 5. Nc3 a6 6. Be2 d6 7. O-O Bd7 8. Be3 Nf6 9. f4 Nxd4 10. Bxd4 Bc6 11. Bd3 Be7 12. Qe1 O-O 13. Qg3 b5 14. a3 Qb8 15. e5 dxe5 16. fxe5 Nd7 17. Rae1 Bc5 18. Bxc5 Nxc5 19. Bxh7+ Kxh7 20. Qh4+ Kg8 21. Re3 Qd8 22. Qg4 Qd2 23. Rg3 g6 24. h4 Rad8 25. h5 Rd4 26. Qh3 g5 27. Ne2 Qxe2 28. Rxg5+ Kh8 29. Rf6 Kh7 30. Qg3 Qd2 31. Rg7+ Kh8 32. Rfxf7 Qd1+ 33. Kf2 Ne4+ 34. Ke3 Qd2+ 35. Kf3 Ng5# 0-1


[Site "https://www.chess.com"]

[Event "Titled Tuesday Blitz January 03 Early 2023"]
[White "Santos Ruiz, Miguel"]
[Black "Erzhanov, Arman"]
[WhiteFideId "22291482"]
[BlackFideId "4138821"]
[WhiteElo "2590"]
[BlackElo "2228"]
[Result "1-0"]
[Round "07"]
[TimeControl "180+2"]
[Date "2023.01.03"]
[WhiteClock "0:00:15"]
[BlackClock "0:00:09"]

1. e4 d6 2. d4 Nf6 3. Bd3 e5 4. c3 d5 5. dxe5 Nxe4 6. Nf3 Nc6 7. O-O Bg4 8. Bf4 Be7 9. h3 Bh5 10. Nbd2 Nxd2 11. Qxd2 Bxf3 12. gxf3 h6 13. Bg3 Bh4 14. f4 Bxg3 15. fxg3 O-O 16. Bc2 d4 17. Qd3 g6 18. Rad1 dxc3 19. Qxc3 Qe7 20. Be4 Rab8 21. Rd2 Rfd8 22. Rfd1 Rxd2 23. Rxd2 Rd8 24. Kh2 Rxd2+ 25. Qxd2 Nd8 26. h4 h5 27. Qd4 c5 28. Qc4 b6 29. Bd5 Ne6 30. Kg2 Nd4 31. Kf2 Qd7 32. b4 Qc7 33. bxc5 bxc5 34. e6 fxe6 35. Bxe6+ Kg7 36. Bd5 Qe7 37. Bg2 Kf6 38. a4 a5 39. Qa6+ Kg7 40. Qxa5 Qe2+ 41. Kg1 Qe3+ 42. Kh2 Ne2 43. Qc7+ Kh6 44. f5 gxf5 45. Qd6+ Kg7 46. Qd7+ Kf6 47. Qd6+ Kg7 48. Qc7+ Kf6 49. Qb8 f4 50. Qf8+ Ke5 51. gxf4+ Qxf4+ 52. Qxf4+ Kxf4 53. a5 Nd4 54. a6 Nb5 55. Bf1 Na7 56. Kh3 Kf3 57. Bc4 Kf4 58. Bf7 Nc6 59. Be6 Na7 60. Bc4 Ke4 61. Kg3 Kd4 62. Bf7 c4 63. Bxh5 c3 64. Bg6 Kc5 65. h5 Kb5 66. h6 Kxa6 67. h7 Nb5 68. h8=Q Ka5 69. Bd3 Na3 70. Qxc3+ Ka4 71. Bc2+ Nxc2 72. Qxc2+ Kb5 73. Qc3 Kb6 74. Qc4 Kb7 75. Qc5 Kb8 76. Qe7 Kc8 77. Kf4 Kb8 78. Ke5 Ka8 79. Kd6 Kb8 80. Kc6 Ka8 81. Qb7# 1-0


[Site "https://www.chess.com"]

[Event "Titled Tuesday Blitz January 03 Early 2023"]
[White "Tran, Thanh Tu"]
[Black "Zohid6"]
[WhiteFideId "12401404"]
[WhiteElo "2412"]
[BlackElo "2748"]
[Result "0-1"]
[Round "07"]
[TimeControl "180+2"]
[Date "2023.01.03"]
[WhiteClock "0:00:05"]
[BlackClock "0:01:33"]

1. Nf3 Nf6 2. d4 e6 3. e3 b6 4. Bd3 Bb7 5. Nbd2 g6 6. b3 Bg7 7. Bb2 O-O 8. O-O d6 9. c4 a5 10. a3 Nbd7 11. b4 Qe7 12. e4 e5 13. d5 Nh5 14. Re1 f5 15. exf5 Nf4 16. Bf1 Rxf5 17. g3 Raf8 18. gxf4 Rxf4 19. Bg2 Nf6 20. Qb3 Bc8 21. c5 Bg4 22. Nxe5 dxe5 23. d6+ Qf7 24. Qxf7+ Rxf7 25. Bxe5 Rf5 26. dxc7 Rxe5 27. Rxe5 Rxc7 28. cxb6 Rc2 29. Rxa5 Nd7 30. Bd5+ Kf8 31. Re1 Bd4 32. Ra8+ Kg7 33. Re7+ Kf6 34. Ne4+ Kxe7 35. Kg2 Nxb6 36. Ra7+ Bd7 37. Bb7 Nc4 0-1


[Site "https://www.chess.com"]

[Event "Titled Tuesday Blitz January 03 Early 2023"]
[White "Mekhitarian, Krikor Sevag"]
[Black "Fiorito, Joaquin"]
[WhiteFideId "2107660"]
[BlackFideId "180173"]
[WhiteElo "2537"]
[BlackElo "2405"]
[Result "1-0"]
[Round "07"]
[TimeControl "180+2"]
[Date "2023.01.03"]
[WhiteClock "0:00:42"]
[BlackClock "0:01:00"]

1. d4 Nf6 2. c4 e6 3. Bg5 h6 4. Bh4 d5 5. e3 Be7 6. Nc3 c6 7. Bd3 Nbd7 8. cxd5 cxd5 9. Nf3 O-O 10. O-O a6 11. Rc1 b5 12. Ne5 Nxe5 13. dxe5 Nd7 14. Bxe7 Qxe7 15. f4 Bb7 16. Ne2 Rac8 17. Qd2 f6 18. exf6 Qxf6 19. Rxc8 Rxc8 20. Nd4 e5 21. fxe5 Qxe5 22. Bf5 Rd8 23. Be6+ Kh8 24. Bxd7 Rxd7 25. Rf8+ Kh7 26. Qd3+ Qe4 27. Qxe4+ dxe4 28. h3 Rc7 29. Kh2 Kg6 30. Re8 Kf6 31. Re6+ Kf7 32. Rb6 g6 33. Kg3 Kg7 34. Ne6+ 1-0


[Site "https://www.chess.com"]

[Event "Titled Tuesday Blitz January 03 Early 2023"]
[White "Khubukshanov, Erdem"]
[Black "Andreev, Eduard"]
[WhiteFideId "54114527"]
[BlackFideId "14103400"]
[WhiteElo "2382"]
[BlackElo "2413"]
[Result "0-1"]
[Round "07"]
[TimeControl "180+2"]
[Date "2023.01.03"]
[WhiteClock "0:00:01"]
[BlackClock "0:00:32"]

1. e4 c6 2. Nc3 d5 3. Nf3 dxe4 4. Nxe4 Nf6 5. Qe2 Nxe4 6. Qxe4 Nd7 7. Bc4 Nf6 8. Ne5 e6 9. Qe2 b5 10. Bb3 Qc7 11. O-O Bd6 12. d4 O-O 13. Bf4 a5 14. c4 a4 15. c5 axb3 16. cxd6 Qxd6 17. Ng6 Qxd4 18. Be3 Qg4 19. Qxg4 Nxg4 20. Nxf8 Nxe3 21. fxe3 bxa2 22. Nxh7 Kxh7 23. Rxf7 e5 24. Re7 Bf5 25. Rxe5 Bb1 26. Rc5 Ra4 27. Rc1 Re4 28. Kf2 Rb4 29. Rxc6 Rxb2+ 30. Kf3 b4 31. Rb6 b3 32. e4 Bc2 33. e5 Rb1 0-1


[Site "https://www.chess.com"]